 Dungeon Crawl Stone Soup version 0.25-a0-942-g87a53962fc (webtiles) character file.

Game seed: 5742358895251127272, levelgen mode: deterministic

392 HoaS the Ruffian (level 6, -8/60 HPs)
             Began as a Gargoyle Berserker on May 7, 2020.
             Was a Priest of Trog.
             Mangled by a two-headed ogre
             ... wielding a +0 giant spiked club
              (16 damage)
             ... on level 7 of the Dungeon.
             The game lasted 00:06:22 (3380 turns).

HoaS the Ruffian (Gargoyle Berserker)               Turns: 3380, Time: 00:06:22

Health: -8/60      AC: 14    Str: 22    XL:     6   Next: 80%
Magic:  6/6        EV: 11    Int:  8    God:    Trog [***...]
Gold:   198        SH:  0    Dex:  9    Spells: 5/5 levels left

rFire    . . .     SeeInvis .     - Unarmed
rCold    . . .     Gourm    .   (no shield)
rNeg     + . .     Faith    .   l - +0 ring mail
rPois    ∞         Spirit   .   x - +1 helmet
rElec    +         Reflect  .   u - +0 cloak
rCorr    .         Harm     .   (no gloves)
MR       ++...                  r - +0 pair of boots
Stlth    ..........             (no amulet)
HPRegen  1.20/turn              (no ring)
MPRegen  0.10/turn              (no ring)

@: berserking (expiring), starving, regenerating, very quick
A: negative energy resistance 1, electricity resistance, unbreathing,
petrification resistance, rot immunity, AC +4
a: Berserk, Trog's Hand, Renounce Religion


You were on level 7 of the Dungeon.
You worshipped Trog.
Trog was most pleased with you.
You were starving.

You visited 1 branch of the dungeon, and saw 5 of its levels.

You collected 198 gold pieces.

Inventory:

Missiles
 a - 6 poisoned darts (quivered)
Armour
 l - a +0 ring mail (worn)
 r - a +0 pair of boots (worn)
 u - a +0 cloak (worn)
 x - a +1 helmet (worn)
Jewellery
 o - an uncursed ring of protection from magic {unknown}
 t - an uncursed ring of stealth {unknown}
 v - an uncursed ring of protection from fire {unknown}
Scrolls
 c - 2 scrolls of teleportation {unknown}
 d - 2 scrolls of identify {unknown}
 g - a scroll of fear {unknown}
 i - 2 scrolls of immolation {unknown}
 k - 2 scrolls of enchant armour {unknown}
 q - 2 scrolls of amnesia {unknown}
 s - a scroll of remove curse {unknown}
 w - a scroll of fog {unknown}
 y - a scroll of enchant weapon {unknown}
 z - a scroll of random uselessness {unknown}
Potions
 e - a potion of brilliance {unknown}
 f - a potion of might {unknown}
 h - 2 potions of stabbing {unknown}
 j - 3 potions of invisibility {unknown}
 m - a potion of berserk rage {unknown}
 n - a potion of mutation {unknown}
 p - 2 potions of curing {unknown}
Comestibles
 b - 4 rations


   Skills:
 + Level 5.3 Fighting
 - Level 2.1 Armour
 - Level 1.5 Dodging
 * Level 6.3 Unarmed Combat


You had 5 spell levels left.
You didn't know any spells.
Your spell library was empty.

Dungeon Overview and Level Annotations

Branches:
Dungeon (4/15)
 Temple: D:4-7

Altars:
Elyvilon


Innate Abilities, Weirdness & Mutations

You are resistant to torment.
Your stone body is resilient. (AC +4)
You are immune to poison.
You resist negative energy. (rN+)
You are resistant to electric shocks. (rElec)
You can survive without breathing.
You are immune to petrification.
You are immune to rotting.


Message History

The yak is heavily wounded.
A scorpion comes into view.
The yak gores you.
The two-headed ogre hits you with a +0 giant spiked club!!
* * * LOW HITPOINT WARNING * * *
The two-headed ogre hits you with a +0 giant spiked club!
* * * LOW HITPOINT WARNING * * *
You punch the yak!
The yak is severely wounded.
You hit the yak.
The yak is almost dead.
The yak gores you but does no damage.
You pummel the yak!!
You kill the yak!
Trog accepts your kill.
Your Fighting skill increases to level 5!
Your Unarmed Combat skill increases to level 6!
The two-headed ogre closely misses you.
The two-headed ogre hits you with a +0 giant spiked club!
You die...

##........
##.........
##.....?....
##......(....
##............
#.............
#.............
#.....@.8..8..
+......O(≈≈...
+.......[≈≈...
#.......8..8s.
#.............
#.............
##............
##...........


You could see a two-headed ogre and a scorpion.

Vanquished Creatures
  A yak (D:7)
  A vampire bat (D:3)
  Crazy Yiuf (D:3)
  Terence (D:2)
  A hound skeleton (D:2)
  4 adders
  An adder skeleton (D:2)
  An adder zombie (D:2)
  2 worms (D:2)
  2 dart slugs
  2 leopard geckos
  4 orcs (D:3)
  3 bat zombies (D:2)
  4 giant cockroaches
  6 hobgoblins
  9 jackals
  A quokka (D:2)
  2 ball pythons
  19 bats
  A frilled lizard (D:3)
  7 goblins
  14 kobolds
  10 rats
97 creatures vanquished.

Notes
Turn   | Place    | Note
-------+----------+-------------------------------------------
     0 | D:1      | HoaS the Gargoyle Berserker began the quest for the Orb.
     0 | D:1      | Reached XP level 1. HP: 14/14 MP: 1/1
   194 | D:1      | Reached XP level 2. HP: 19/19 MP: 2/2
   730 | D:1      | Reached XP level 3. HP: 20/24 MP: 3/3
   813 | D:1      | Reached ** piety under Trog
   939 | D:2      | Reached skill level 4 in Unarmed Combat
  1077 | D:2      | Reached XP level 4. HP: 16/29 MP: 4/4
  1770 | D:2      | Noticed Terence
  1781 | D:2      | Killed Terence
  1781 | D:2      | Reached XP level 5. HP: 28/34 MP: 5/5
  1782 | D:2      | Found a white marble altar of Elyvilon.
  2077 | D:3      | Reached skill level 5 in Unarmed Combat
  2083 | D:3      | Reached *** piety under Trog
  2925 | D:3      | Reached XP level 6. HP: 40/40 MP: 6/6
  3006 | D:3      | Found a runed translucent door.
  3007 | D:3      | Noticed Crazy Yiuf
  3325 | D:3      | Killed Crazy Yiuf
  3371 | D:4      | You fall into a shaft and drop 3 floors!
  3371 | D:7      | Noticed a yak
  3371 | D:7      | Noticed a two-headed ogre
  3380 | D:7      | Killed a yak
  3380 | D:7      | Reached skill level 5 in Fighting
  3380 | D:7      | Reached skill level 6 in Unarmed Combat
  3380 | D:7      | Mangled by a two-headed ogre

Levels and vault maps discovered:
D:1:      moated_graveyard_arrival, layout_basic
D:2:      layout_basic, elyvilon_altar_5, serial_undead, serial_undead_d,
          serial_undead_b, serial_undead_d, serial_undead_d, uniq_terence
D:3:      layout_basic, first_ration, roderic_batcave, uniq_crazy_yiuf_cottage
D:4:      layout_basic
D:7:      kennysheep_big_flooded_room, layout_gridville, grunt_gozag_statues,
          amethyst_overflow_temple_binary, kennysheep_mini_moat,
          nicolae_ru_sacrificial_ziggurat

Skill      XL: |  1  2  3  4  5  6 |
---------------+-------------------+-----
Unarmed Combat | 4 5 6 |  6.3
Fighting       | 4 5 |  5.3
Armour         | |  2.1
Dodging        | |  1.5

Action                   |  1- 3 |  4- 6 || total
-------------------------+-------+-------++-------
Melee: Unarmed           |   148 |   245 ||   393
       Punch             |     4 |     7 ||    11
Invok: Berserk           |     1 |     1 ||     2
       Trog's Hand       |       |     1 ||     1
  Eat: Chunk             |     1 |     7 ||     8
Armor: Animal skin       |    38 |    15 ||    53
       Ring mail         |       |   100 ||   100
Dodge: Dodged            |    97 |   182 ||   279

Table legend:
 A = Non-vault XP
 B = Vault XP
 C = Vault XP percentage of total XP
 D = Non-vault monster count
 E = Vault monster count
 F = Vault count percentage of total count
                 A         B        C        D         E       F
            +---------+---------+-------+---------+---------+-------
      Total |     185 |     375 |  67.0 |      78 |      19 |  19.6
            +---------+---------+-------+---------+---------+-------
        D:1 |      39 |       0 |   0.0 |      24 |       0 |   0.0
        D:2 |      68 |      75 |  52.4 |      29 |       7 |  19.4
        D:3 |      78 |     107 |  57.8 |      25 |      11 |  30.6
        D:7 |       0 |     193 | 100.0 |       0 |       1 | 100.0
            +---------+---------+-------+---------+---------+-------
